 Dungeon Crawl Stone Soup version 0.18.1-8-gdd0e5ea (console) character file.

5 FakeSquid the Digger (level 1, -1/10 HPs)
             Began as a Gargoyle Earth Elementalist on June 6, 2016.
             Slain by a jackal (2 damage)
             ... on level 1 of the Dungeon.
             The game lasted 00:02:46 (221 turns).

FakeSquid the Digger (Gargoyle Earth Elementalist)   Turns: 221, Time: 00:02:47

Health: -1/10      AC:  4    Str: 11    XL:     1   Next: 80%
Magic:  0/3        EV: 12    Int: 15    God:
Gold:   0          SH:  0    Dex: 10    Spells: 1 memorised, 3 levels left

rFire  . . .     SeeInvis .     (no weapon)
rCold  . . .     Gourm    .     a - +0 robe
rNeg   + . .     Faith    .     (no shield)
rPois  ∞         Spirit   .     (no helmet)
rElec  +         Dismiss  .     (no cloak)
rCorr  .         Reflect  .     (no gloves)
SustAt .         Harm     .     (no boots)
MR     .....                    (no amulet)
Stlth  ++........               (no ring)
                                (no ring)

@: not resistant to hostile enchantments, unstealthy
A: negative energy resistance 1, electricity resistance, unbreathing,
petrification resistance, rot immunity, AC +2
a: no special abilities


You were on level 1 of the Dungeon.
You were not hungry.

You visited 1 branch of the dungeon, and saw 1 of its levels.

Inventory:

Missiles
 b - 73 stones (quivered)
Armour
 a - a +0 robe (worn)
Scrolls
 e - a scroll of identify {unknown}
Books
 c - a book of Geomancy
Comestibles
 d - a bread ration {@e1}
 f - 2 chunks of flesh {@w0}


   Skills:
 + Level 1.7 Dodging
 + Level 2.4 Stealth
 + Level 2.1 Spellcasting
   Level 0.7 Transmutations
 + Level 3.7 Earth Magic


You had 3 spell levels left.
You knew the following spells:

 Your Spells              Type           Power        Failure   Level  Hunger
a - Sandblast             Erth           ##....       6%          1    #......


Dungeon Overview and Level Annotations

Branches:
Dungeon (1/15)

Altars:


Innate Abilities, Weirdness & Mutations

You are resistant to torment.
Your stone body is resilient (AC +2).
You are immune to poison.
You resist negative energy.
You are resistant to electric shocks.
You can survive without breathing.
You are immune to petrification.
You are immune to rotting.


Message History

The bat closely misses you! The bat hits you but does no damage!
You beat the bat into a bloody pulp!
The bat barely misses you!
You barely miss the bat! The bat misses you! The bat barely misses you!
The bat hits you but does no damage! The bat hits you but does no damage!
The bat barely misses you!
You closely miss the bat! The bat closely misses you!
The bat completely misses you!
You miss the bat! The bat completely misses you!
You squash the bat but do no damage!
The bat barely misses you!
You squash the bat but do no damage!
The bat closely misses you! The bat closely misses you!
You beat the bat into a bloody pulp!
You annihilate the bat!!!
You see here a bat corpse!
You butcher the bat corpse!
f - 2 chunks of flesh {@w0} (gained 1) Saving game!!! please wait!
Welcome back, FakeSquid the Gargoyle Earth Elementalist.
A rat and 2 jackals come into view.
A jackal comes into view.
The jackal closely misses you.
You hit the jackal.
The jackal bites you but does no damage.
The jackal closely misses you.
You barely miss the jackal. The jackal barely misses you.
You miss the jackal.
The jackal bites you but does no damage.
You hit the jackal but do no damage. The jackal barely misses you.
The jackal bites you.
You take 2 damage, and have 8/10 hp.
You hit the jackal. The jackal bites you.
You take 1 damage, and have 7/10 hp.
You hit the jackal. The jackal barely misses you. x2
You hit the jackal but do no damage. The jackal closely misses you.
You closely miss the jackal. The jackal barely misses you.
You closely miss the jackal. The jackal bites you.
The jackal bites you but does no damage.
You take 2 damage, and have 5/10 hp.
You hit the jackal but do no damage. The jackal closely misses you.
The jackal misses you.
You barely miss the jackal. The jackal barely misses you.
You hit the jackal but do no damage. The jackal barely misses you.
You hit the jackal.
You kill the jackal!
You see here a jackal corpse.
Unknown command.
Saving game... please wait.
Welcome back, FakeSquid the Gargoyle Earth Elementalist!
A jackal comes into view!
The jackal barks!!!
The jackal barks!!! x2
You beat the jackal but do no damage!
The jackal closely misses you! The jackal misses you!
You beat the jackal into a bloody pulp!
The jackal misses you! x2
You barely miss the jackal!
The jackal bites you but does no damage!
You pummel the jackal like a punching bag!
The jackal barely misses you!
You closely miss the jackal! The jackal misses you!
You squash the jackal like an ant!
The jackal closely misses you! x2
You squash the jackal like an ant!
The jackal misses you!
You squash the jackal but do no damage!
The jackal bites you!
The jackal bites you but does no damage!
You take 1 damage, and have 4/10 hp!
The jackal barely misses you!
You barely miss the jackal! The jackal barely misses you!
You closely miss the jackal! The jackal barely misses you!
You pulverise the jackal!
The jackal closely misses you! x2
Aim: a jackal (almost dead)
The blast of sand hits the jackal!
The jackal misses you!
The jackal bites you but does no damage!
You now have 2/3 mp!
Aim: a jackal (almost dead)
The blast of sand hits the jackal!
You annihilate the jackal!!!
You now have 1/3 mp!
Aim: a jackal (moderately wounded)
The blast of sand misses the jackal!
The jackal closely misses you!
You now have 0/3 mp!
You don't have enough magic to cast that spell!
The jackal bites you but does no damage!
The jackal misses you! The jackal bites you! * * * don't die
* * * You take 2 damage, and have 3/10 hp!
The jackal closely misses you! The jackal closely misses you!
Aim: a jackal The blast of sand hits the jackal!
The jackal bites you but does no damage!
You now have 0/3 mp!
The jackal bites you! * * * don't die
* * * You take 2 damage, and have 1/10 hp!
Unknown command!
The jackal closely misses you! The jackal bites you! rip

###
..####..##..###...###
.#.. ..# ######.#
##### ##r#.# #.# #..#
...#.# #.#######.##
#..#.# #.........#
#..#.# #.#########
###..#.# #..........
.....#.# #.#........
###.##.# #.#@#######
.......# ###h#
##..#### #h# ....#
#.#
#.†.############.#
#................#
#.#.############.#
##### ###


You could see 2 jackals.

Vanquished Creatures
  2 bats (D:1)
  2 jackals (D:1)
4 creatures vanquished.

Notes
Turn   | Place    | Note
--------------------------------------------------------------
     0 | D:1      | FakeSquid the Gargoyle Earth Elementalist began the quest for the Orb.
     0 | D:1      | Reached XP level 1. HP: 10/10 MP: 3/3
   214 | D:1      | HP: 1/10 [jackal (2)]
   221 | D:1      | Slain by a jackal

Action                   || total
-------------------------++-------
Melee: Unarmed           ||    48
 Cast: Sandblast         ||     4
 Stab: Sleeping          ||     1
Armor: Robe              ||    29
Dodge: Dodged            ||    64

Vault maps used:
D:1:      dpeg_arrival_three_same_balls

Table legend:
 A = Turns spent in this place as a percentage of turns spent in the entire game.
 B = Non-inter-level travel turns spent in this place as a percentage of non-inter-level travel turns spent in the entire game.
 C = Inter-level travel turns spent in this place as a percentage of turns spent in this place.
 D = Turns resting spent in this place as a percentage of non-inter-level travel turns spent in this place.
 E = Turns spent auto-exploring this place as a percentage of non-inter-level travel turns spent in this place.
 F = Non-inter-level travel turns spent in this place divided by the number of levels of this place that you've seen.
                   A       B       C       D       E      F
               +-------+-------+-------+-------+-------+----------------------
         Total | 100.0 | 100.0 |   0.0 |   0.0 |   3.9 | 154.0
       Dungeon | 100.0 | 100.0 |   0.0 |   0.0 |   3.9 | 154.0
               +-------+-------+-------+-------+-------+----------------------

Table legend:
 A = Kills in this place as a percentage of kills in entire the game.
 B = Kills by you in this place as a percentage of kills by you in the entire game.
 C = Kills by friends in this place as a percentage of kills by friends in the entire game.
 D = Other kills in this place as a percentage of other kills in the entire game.
 E = Experience gained in this place as a percentage of experience gained in the entire game.
 F = Experience gained in this place divided by the number of levels of this place that you have seen.
                   A       B       C       D       E      F
               +-------+-------+-------+-------+-------+----------------------
         Total | 100.0 | 100.0 |  -nan |  -nan | 100.0 |   8.0
       Dungeon | 100.0 | 100.0 |  -nan |  -nan | 100.0 |   8.0
               +-------+-------+-------+-------+-------+----------------------
